 Dungeon Crawl Stone Soup version 0.26-a0-466-g989023bd0d (webtiles) character file.

Game seed: 17328778446512760375

93 pk666 the Magician (level 4, -1/24 HPs)
             Began as a Deep Elf Hedge Wizard on Aug 11, 2020.
             Was an Initiate of Vehumet.
             Killed by nerve-wracking pain
             ... invoked by Grinder
              (4 damage)
             ... on level 4 of the Dungeon.
             The game lasted 00:05:38 (3513 turns).

pk666 the Magician (Deep Elf Hedge Wizard)          Turns: 3513, Time: 00:05:38

Health: -1/24      AC:  5    Str:  7    XL:     4   Next: 37%
Magic:  3/13       EV: 13    Int: 20    God:    Vehumet [......]
Gold:   145        SH:  0    Dex: 14    Spells: 2/13 levels left

rFire    . . .     SeeInvis .   q - +1 dagger (venom)
rCold    . . .     Faith    .   (no shield)
rNeg     . . .     Spirit   .   b - +0 robe
rPois    .         Reflect  .   c - +0 hat
rElec    .         Harm     .   (no cloak)
rCorr    .                      (no gloves)
MR       .....                  e - +2 pair of boots
Stlth    ++........             (no amulet)
HPRegen  0.08/turn              (no ring)
MPRegen  0.13/turn              (no ring)

@: no status effects
A: no striking features
a: Renounce Religion


You were on level 4 of the Dungeon.
You worshipped Vehumet.
Vehumet was noncommittal.
You visited 1 branch of the dungeon, and saw 4 of its levels.

You collected 145 gold pieces.

Inventory:

Hand Weapons
 q - a +1 dagger of venom (weapon)
Armour
 b - a +0 robe (worn)
 c - a +0 hat (worn)
 e - a +2 pair of boots (worn)
Jewellery
 f - a +4 ring of evasion {unknown}
Wands
 k - a wand of paralysis (7)
Scrolls
 g - a scroll of teleportation {unknown}
 h - 2 scrolls of immolation
 l - a scroll of fog {unknown}
 m - a scroll of enchant armour
Potions
 a - a potion of might {unknown}
 d - a potion of mutation {unknown}
 i - a potion of heal wounds
 j - 2 potions of flight {unknown}
 n - 2 potions of curing {unknown}
 o - a potion of magic {unknown}
 p - a potion of haste {unknown}


   Skills:
 - Level 2.4 Dodging
 - Level 2.4 Stealth
 + Level 5.3 Spellcasting
 + Level 2.6 Conjurations
 + Level 1.6 Summonings
 - Level 2.0 Translocations
 + Level 0.6 Fire Magic
 + Level 0.7 Air Magic
 + Level 0.9 Poison Magic


You had 2 spell levels left.
You knew the following spells:

 Your Spells              Type           Power        Failure   Level
a - Magic Dart            Conj           ###.         3%          1
b - Blink                 Tloc           N/A          8%          2
c - Conjure Flame         Conj/Fire      ##......     17%         3
d - Mephitic Cloud        Conj/Pois/Air  ##......     19%         3
e - Call Imp              Summ           ##......     9%          2

Your spell library contained the following spells:

 Spells                   Type           Power        Failure   Level
 Slow                     Hex            #.......     17%         2


Dungeon Overview and Level Annotations

Branches:
Dungeon (4/15)
 Temple: D:4-7

Altars:
Ashenzari
Vehumet

Annotations:
D:3 exclusion: downstairs
D:4 Grinder


Message History

Grinder hits you but does no damage.
Your white imp barely misses Grinder.
You barely miss Grinder.
Grinder is heavily wounded.
Your white imp completely misses Grinder.
Grinder gestures at you. Pain shoots through your body!
Ouch! That really hurt!
* * * LOW HITPOINT WARNING * * *
Your white imp misses Grinder.
Casting: Magic Dart (safe; 3% risk of failure)
Confirm with . or Enter, or press ? or * to list all spells.
Aiming: Magic Dart (safe; 3% risk of failure)
Press: ? - help, Shift-Dir - straight line, f/p - Grinder
Aim: Grinder (heavily wounded, poisoned)
The magic dart hits Grinder.
Grinder is severely wounded.
Your white imp hits Grinder.
Your white imp freezes Grinder.
Grinder resists.
Grinder gestures at you. Pain shoots through your body!
You die...

#.# #.# ###.#### ###
#)# #......### ...
#.# #........###
#.##.# #........(.>
...)# #......#.##.
#.5# ##......#.##.
##55#####.#.#.###.##.
#.#.@....###..#.#.##.
#..###.## ##.....##.
#.....## #......#.
#.####.## ##........
#.#####.###.##......
#....###.#.####.##..
#.##.# ##.......# #
#.##.# #######.#
#.##.# #.####


You could see Grinder (poisoned) and 2 friendly white imps.

Vanquished Creatures
  A gnoll (D:1)
  3 adders
  2 worms
  A dart slug (D:1)
  2 leopard geckos
  3 ball pythons
  4 bats
  7 hobgoblins
  3 jackals (D:3)
  6 kobolds
  4 frilled lizards
  6 goblins
  7 rats
49 creatures vanquished.

Notes
Turn   | Place    | Note
-------+----------+-------------------------------------------
     0 | D:1      | pk666 the Deep Elf Hedge Wizard began the quest for the
                  | Orb.
     0 | D:1      | Reached XP level 1. HP: 10/10 MP: 7/7
   162 | D:1      | Reached XP level 2. HP: 10/15 MP: 1/9
   235 | D:1      | Learned a level 2 spell: Blink
   299 | D:1      | Reached skill level 5 in Spellcasting
   719 | D:1      | Reached XP level 3. HP: 7/19 MP: 2/11
   724 | D:1      | Learned a level 3 spell: Conjure Flame
   728 | D:1      | Learned a level 3 spell: Mephitic Cloud
   731 | D:1      | Learned a level 2 spell: Call Imp
  1106 | D:2      | Found a shattered altar of Ashenzari.
  2082 | D:3      | Reached XP level 4. HP: 24/24 MP: 9/13
  2383 | D:3      | Found a radiant altar of Vehumet.
  2389 | D:3      | Became a worshipper of Vehumet
  2879 | D:4      | Noticed an ogre
  2992 | D:4      | Noticed Grinder
  3073 | D:4      | Paralysed by Grinder for 5 turns
  3513 | D:4      | Killed from afar by Grinder

Illustrated notes

Levels and vault maps discovered:
D:1:      scummos_arrival_hexagon, layout_rooms
D:2:      layout_loops_ring, ashenzari_conservatory_becter
D:3:      layout_loops_ring, old_standard_altar
D:4:      layout_loops_ring, kennysheep_okawaru_gauntlet, uniq_grinder,
          uniq_edmund

Skill      XL: |  1  2  3  4 |
---------------+-------------+-----
Conjurations   | 2 |  2.6
Spellcasting   | 5 |  5.3
Translocations | 2 |  2.0
Dodging        | |  2.4
Stealth        | |  2.4
Summonings     | |  1.6
Fire Magic     | |  0.6
Air Magic      | |  0.7
Poison Magic   | |  0.9

Action                   |  1- 3 |  4- 6 || total
-------------------------+-------+-------++-------
Melee: Dagger            |     3 |     7 ||    10
 Cast: Magic Dart        |    96 |    34 ||   130
       Call Imp          |       |    10 ||    10
  Use: Scroll            |       |     3 ||     3
Armor: Robe              |     6 |     4 ||    10
Dodge: Dodged            |    11 |     3 ||    14

Table legend: (Time is in decaauts)
 A = Elapsed time spent in this place.
 B = Non-inter-level travel time spent in this place.
 C = Inter-level travel time spent in this place.
 D = Time resting spent in this place.
 E = Time spent auto-exploring this place.
 F = Levels seen in this place.
 G = Mean time per level.
                   A        B        C        D        E       F      G
               +--------+--------+--------+--------+--------+-----+--------+
         Total |   3514 |   3417 |     97 |    748 |   2270 |   4 |  878.5 |
       Dungeon |   3514 |   3417 |     97 |    748 |   2270 |   4 |  878.5 |
               +--------+--------+--------+--------+--------+-----+--------+

Top non-repeatable levels by time:
     D:3: 1402 daAuts
     D:1: 1018 daAuts
     D:2: 906 daAuts
     D:4: 187 daAuts
